 Dungeon Crawl Stone Soup version 0.28-a0-503-g83f2989fac (webtiles) character file.

Game seed: 14892227012499927762

75 spiderkeys the Skirmisher (level 4, -6/31 HPs)
             Began as an Octopode Abyssal Knight on Sept 20, 2021.
             Was a Believer of Lugonu.
             Mangled by a gnoll (11 damage)
             ... on level 1 of the Dungeon.
             The game lasted 00:02:12 (1363 turns).

spiderkeys the Skirmisher (Octopode Abyssal Knight) Turns: 1363, Time: 00:02:13

Health: -6/31      AC:  1    Str: 13    XL:     4   Next: 31%
Magic:  6/6        EV: 21    Int: 12    God:    Lugonu [**....]
Gold:   138        SH:  0    Dex: 12    Spells: 3/3 levels left

rFire   . . .      SeeInvis .   f - +0 dire flail
rCold   . . .      Faith    .   (shield currently unavailable)
rNeg    + . .      Spirit   .   (helmet restricted)
rPois   .          Reflect  .   (no amulet)
rElec   .          Harm     .   E - +4 ring of evasion
rCorr   .          Rampage  .   e - +4 ring of evasion
Will    .....                   N - ring of positive energy
Stlth   ++........              Z - ring of wizardry
HPRegen 0.10/turn               (no ring)
MPRegen 0.10/turn               (no ring)
                                (no ring)
                                (no ring)

@: no status effects
A: almost no armour, amphibious, 8 rings, camouflage 1, gelatinous body 1,
(nimble swimmer 1), tentacles
a: Renounce Religion, Depart the Abyss, Bend Space


You were on level 1 of the Dungeon.
You worshipped Lugonu.
Lugonu was pleased with you.
You visited 1 branch of the dungeon, and saw 2 of its levels.
You visited the Abyss 1 time.

You collected 138 gold pieces.


Innate Abilities, Weirdness & Mutations

You cannot wear most types of armour.
You are amphibious.
You can wear up to eight rings at the same time.
Your skin changes colour to match your surroundings (Stealth+).
Your rubbery body absorbs attacks. (AC +1, EV +1)
((You are camouflaged near water. (Stealth+)))
You have tentacles for arms and can constrict up to eight enemies at once.


   Skills:
 + Level 3.5 Fighting
 + Level 3.0 Dodging
 + Level 2.7 Unarmed Combat
 + Level 2.9 Invocations


You had 3 spell levels left.
You didn't know any spells.
Your spell library contained the following spells:

 Spells                   Type           Power      Damage    Failure   Level
 Sublimation of Blood     Necr           0%         N/A       21%         2
 Portal Projectile        Hex/Tloc       0%         N/A       36%         3
 Haunt                    Necr/Summ      0%         N/A       100%        7
 Infestation              Necr           0%         N/A       100%        8

Inventory:

Hand Weapons
 f - a +0 dire flail (weapon)
   (You found it on level 2 of the Abyss)
Missiles
 a - 21 stones
 d - 5 poisoned darts
 g - 27 arrows
Jewellery
 e - a +4 ring of evasion (right tentacle)
   (You found it on level 1 of the Abyss)
 E - a +4 ring of evasion (left tentacle)
   (You found it on level 1 of the Abyss)
 N - a ring of positive energy (on tentacle)
   (You found it on level 1 of the Dungeon)
 Z - a ring of wizardry (on tentacle)
   (You found it on level 1 of the Dungeon)
Potions
 b - 3 potions of curing {unknown}
 c - a potion of invisibility {unknown}
 h - a potion of cancellation {unknown}

Dungeon Overview and Level Annotations

Branches:
Dungeon (2/15)

Altars:

#####.....##.#....#
#.# #.#†
...##.....##.#.#)##
#.# #.#.
...#########.#.#.#
#.# #.#. ...#
#.#.#.# #.# #.#.
...#
#.#.#.#########.#
#.## ...#
#.#............)#
#.# ...#
#.##............#
#.# ...#
#.##............#
#.# ...#
#....@..........#
#.# #######
######g.........#
#.# ......#
#####...##.# #.#
......#####
#P...P#.# #.#
..........#
##...##.# #.##
..........#
#P...P#.# #...
..........#####
##...##.# ####
##........'...#
#P...P#.#
#........###.#
##...##.#


You could see a gnoll.


Message History

😕 HP[-1]
You take 1 damage, and now have 25/26 hp.
You barely miss the bat. Your grab misses the bat. Your squeeze misses the bat.
The bat barely misses you.
You puncture the bat!
You kill the bat!
Lugonu accepts your kill.
There is a stone staircase leading down here.
Key pressed, stopping explore.
There is a stone staircase leading down here.
Key pressed, stopping explore.
Key pressed, stopping explore.
You now have 138 gold pieces (gained 9).
Done exploring. 😎 HP[+1]
Your hp is fully restored (26).
No target in view!
Done exploring.
Done exploring.
There is a stone staircase leading down here.
You climb downwards.
There is a stone staircase leading up here.
A gnoll comes into view. It is wielding a +0 flail.
The gnoll shouts!
You hear a shout! x2
A gnoll comes into view. It is wielding a +0 whip.
A worm and a gnoll come into view.
A ball python and a gnoll come into view.
The gnoll shouts!
The ball python hisses angrily.
You hear an angry hiss.
The gnoll barely misses you.
The gnoll shouts!
You puncture the gnoll! You grab the gnoll.
You constrict the gnoll, but do no damage.
A ball python comes into view.
The gnoll misses you.
The gnoll hits you from afar with a +0 spear. 😕 HP[-2]
You take 2 damage, and now have 24/26 hp.
You hit the gnoll.
You kill the gnoll!
Lugonu accepts your kill.
Your Dodging skill increases to level 3!
You have reached level 4! 😕 HP[+5] MP[+1]
You now have 31 max hp (+5).
You regained 5 hp, and now have 29/31 hp.
Your mp is fully restored (6).
You hit the ball python. You grab the ball python. You squeeze the ball python.
You kill the ball python!
Lugonu accepts your kill.
An endoplasm comes into view.
You barely miss the ball python. You grab the ball python.
You constrict the ball python. The ball python completely misses you.
The ball python closely misses you. The gnoll closely misses you.
The ball python closely misses you. The ball python barely misses you.
The gnoll completely misses you.
You hit the ball python.
You kill the ball python!
Lugonu accepts your kill.
The gnoll hits you from afar with a +0 spear. 😕 HP[-2]
You take 2 damage, and now have 27/31 hp.
You puncture the gnoll! You grab the gnoll. You constrict the gnoll.
An orc comes into view. It is wielding a +0 club.
The gnoll completely misses you. The gnoll misses you.
You hit the gnoll.
You kill the gnoll!
Lugonu accepts your kill. The gnoll closely misses you.
The gnoll barely misses you.
You closely miss the gnoll. Your grab misses the gnoll. The gnoll misses you.
The gnoll closely misses you. x2 😕 HP[+1]
You hit the gnoll. You grab the gnoll.
You constrict the gnoll, but do no damage.
The gnoll closely misses you.
The gnoll hits you from afar with a +0 spear. 😮 HP[-5]
You take 5 damage, and now have 23/31 hp.
You are too injured to fight recklessly!
You are too injured to fight recklessly!
You are too injured to fight recklessly!
You are too injured to fight recklessly!
You hit the gnoll. You constrict the gnoll. The gnoll hits you with a +0 flail!
* * * LOW HITPOINT WARNING * * *
The gnoll hits you from afar with a +0 spear!
* * * LOW HITPOINT WARNING * * *
😱 HP[-19]
You take 19 damage, and now have 4/31 hp.
MASSIVE DAMAGE!! (PAUSE)
You release your grip on the gnoll.
There is a stone staircase leading up here. 😱 HP[+1]
The gnoll misses you.
You climb upwards.
There is a stone staircase leading down here.
You closely miss the gnoll. You grab the gnoll.
You constrict the gnoll, but do no damage.
The gnoll misses you.
You completely miss the gnoll. You constrict the gnoll. The gnoll misses you.
The gnoll hits you with a +0 flail!
You die...

Skill      XL: |  1  2  3 |
---------------+----------+-----
Dodging        | 3 |  3.0
Fighting       | |  3.5
Unarmed Combat | |  2.7
Invocations    | |  2.9

Action                   |  1- 3 |  4- 6 || total
-------------------------+-------+-------++-------
Melee: Dire flail        |    56 |    10 ||    66
       Tentacles         |     8 |     1 ||     9
       Constrict         |    12 |     5 ||    17
       Punch             |     1 |       ||     1
  Use: Scroll            |     2 |       ||     2
 Stab: Sleeping          |     5 |       ||     5
Armor: Skin              |     3 |       ||     3
Dodge: Dodged            |    57 |    17 ||    74

Levels and vault maps discovered:
D:1:      minmay_arrival_plants_in_alcoves, layout_basic
D:2:      layout_basic, shapermc_ecumenical_altar_totnotflames

Notes
Turn   | Place    | Note
-------+----------+-------------------------------------------
     0 | Abyss:1  | spiderkeys the Octopode Abyssal Knight began the quest for
                  | the Orb.
     0 | Abyss:1  | Reached XP level 1. HP: 16/16 MP: 2/2
     0 | Abyss:1  | magus.rc [v1.9.10]
   114 | Abyss:1  | Found a corrupted altar of Lugonu.
   235 | Abyss:1  | You add the spells Sublimation of Blood, Portal Projectile,
                  | Haunt and Infestation to your library.
   235 | Abyss:1  | Got Xeuhex's Almanac of the Arcane
   262 | Abyss:1  | Noticed a lich
   304 | Abyss:1  | Noticed a small abomination
   350 | Abyss:2  | Noticed a small abomination
   350 | Abyss:2  | Noticed a raiju
   389 | Abyss:2  | Found a corrupted altar of Lugonu.
   390 | Abyss:2  | Noticed an iron imp
   397 | Abyss:2  | Killed an iron imp
   398 | Abyss:2  | Reached XP level 2. HP: 10/21 MP: 3/3
   398 | Abyss:2  | Reached XP level 3. HP: 12/26 MP: 4/4
   406 | Abyss:2  | Noticed a smoke demon
   412 | D:1      | You pass through the gate.
   412 | D:1      | Escaped the Abyss
  1214 | D:1      | Reached ** piety under Lugonu
  1345 | D:2      | Reached skill level 3 in Dodging
  1345 | D:2      | Reached XP level 4. HP: 29/31 MP: 6/6
  1352 | D:2      | HP: 4/31 [gnoll (10)]
  1363 | D:1      | Mangled by a gnoll

Vanquished Creatures
  An iron imp (Abyss:2)
  2 gnolls (D:2)
  5 bats (D:1)
  2 endoplasms (D:1)
  4 goblins (D:1)
  A hobgoblin (D:1)
  2 quokkas (D:1)
  4 ball pythons
  3 frilled lizards (D:1)
  3 rats (D:1)
27 creatures vanquished.

Table legend:
 A = Non-vault XP
 B = Vault XP
 C = Vault XP percentage of total XP
 D = Non-vault monster count
 E = Vault monster count
 F = Vault count percentage of total count
                 A         B        C        D         E       F
            +---------+---------+-------+---------+---------+-------
      Total |     108 |       0 |   0.0 |      27 |       0 |   0.0
            +---------+---------+-------+---------+---------+-------
        D:1 |      35 |       0 |   0.0 |      22 |       0 |   0.0
        D:2 |      33 |       0 |   0.0 |       4 |       0 |   0.0
    Abyss:2 |      40 |       0 |   0.0 |       1 |       0 |   0.0
            +---------+---------+-------+---------+---------+-------

Illustrated notes

Table legend:
 A = Kills in this place as a percentage of kills in entire the game.
 B = Kills by you in this place as a percentage of kills by you in the entire game.
 C = Kills by friends in this place as a percentage of kills by friends in the entire game.
 D = Other kills in this place as a percentage of other kills in the entire game.
 E = Experience gained in this place as a percentage of experience gained in the entire game.
 F = Experience gained in this place divided by the number of levels of this place that you have seen.
                   A       B       C       D       E      F
               +-------+-------+-------+-------+-------+----------------------
         Total | 100.0 | 100.0 |   N/A |   N/A | 100.0 |  27.0
       Dungeon |  96.3 |  96.3 |   N/A |   N/A |  63.0 |  34.0
         Abyss |   3.7 |   3.7 |   N/A |   N/A |  37.0 |  20.0
               +-------+-------+-------+-------+-------+----------------------

Table legend: (Time is in decaauts)
 A = Elapsed time spent in this place.
 B = Non-inter-level travel time spent in this place.
 C = Inter-level travel time spent in this place.
 D = Time resting spent in this place.
 E = Time spent auto-exploring this place.
 F = Levels seen in this place.
 G = Mean time per level.
                   A        B        C        D        E       F      G
               +--------+--------+--------+--------+--------+-----+--------+
         Total |   1379 |   1360 |     19 |      0 |   1024 |   4 |  344.8 |
       Dungeon |    968 |    949 |     19 |      0 |    770 |   2 |  484.0 |
         Abyss |    411 |    411 |      0 |      0 |    254 |   2 |  205.5 |
               +--------+--------+--------+--------+--------+-----+--------+

Top non-repeatable levels by time:
     D:1: 938 daAuts
 Abyss:1: 322 daAuts
 Abyss:2: 89 daAuts
     D:2: 29 daAuts
